AoeStats
← Cleopatra

Black Forest

510368722Analyzed
2v2 RM · 2d ago on Sep 30, 2026· 21m 58s· 4 players
Game mode
Random Map
Map size
Medium (4 player)
Population
200
Speed
Normal
Resources
Standard
Victory
Conquest
Starting age
Dark Age
Ending age
Imperial Age
RankedLock teamsTeams togetherTeam positionsShared explorationLock speedFull tech treeHidden civsTurbo modeCheats
Victory
Defeat
🇮🇹 Jurchens · Italy
1368
+13
🇦🇷 Vikings · Argentina
1280
+16
🇳🇱 Saracens · Netherlands
1305
-15
🇫🇷 Turks · France
1281
-14
TwentyTwo22
1:49 Loom
12:00 Feudal Age
16:45 Fletching
20:44 Castle Age
19:28 Double-Bit Axe
21:39 Bow Saw
21:31 Fishing Lines
HeN_BenP
0:38 Loom
11:50 Feudal Age
15:34 Castle Age
14:22 Double-Bit Axe
16:10 Fishing Lines
20:01 Bow Saw
GdR_Salinaro
0:27 Loom
11:18 Feudal Age
15:05 Castle Age
13:19 Double-Bit Axe
16:24 Bow Saw
Cleopatra
2:51 Loom
11:23 Feudal Age
16:00 Castle Age
14:09 Double-Bit Axe
14:05 Horse Collar
Connection lost

Rejoining the realm…

Still unreachable

The connection could not be restored.

Session expired

The server has moved on; the page needs a fresh start.